AoeStats
← _LY_抖音肥龙

Black Forest

507334845Analyzed
4v4 RM · 14d ago on Sep 17, 2026· 66m 49s· 8 players
Game mode
Random Map
Map size
Large (8 player)
Population
200
Speed
Normal
Resources
Standard
Victory
Conquest
Starting age
Dark Age
Ending age
Imperial Age
RankedLock teamsTeams togetherTeam positionsShared explorationLock speedFull tech treeHidden civsTurbo modeCheats
Victory
Defeat
🇭🇰 Mongols · Hong Kong SAR China
1798
+15
🇨🇳 Bohemians · China
1657
+21
🇨🇳 Persians · China
1623
+22
🇭🇰 Lithuanians · Hong Kong SAR China
1455
+28
🇩🇪 Britons · Germany
1839
-24
🇩🇪 Slavs · Germany
1806
-23
🇳🇱 Portuguese · Netherlands
1787
-23
🇳🇱 Khmer · Netherlands
1621
-16
Rex Caedis
6:15 Loom
8:42 Feudal Age
8:50 Man-at-Arms
19:23 Wheelbarrow
18:52 Double-Bit Axe
21:22 Horse Collar
22:08 Fletching
22:31 Stone Mining
22:45 Gold Mining
27:06 Town Watch
32:21 Castle Age
33:27 Bow Saw
33:18 Heavy Plow
33:54 Hand Cart
34:28 Town Patrol
34:25 Bodkin Arrow
34:31 Padded Archer Armor
35:39 Gold Shaft Mining
35:48 Fortified Wall
39:36 Ballistics
45:05 Imperial Age
43:28 Leather Archer Armor
44:25 Coinage
44:33 Yeomen
45:02 Scale Mail Armor
45:12 Forging
44:55 Pikeman
45:35 Squires
45:52 Chain Mail Armor
45:31 Elite Longbowman
46:13 Bracer
47:17 Chemistry
46:40 Conscription
47:26 Ring Archer Armor
47:08 Masonry
46:43 Halberdier
48:30 Two-Man Saw
49:03 Chain Mail Armor
49:23 Iron Casting
49:25 Caravan
50:42 Banking
50:55 Guilds
51:36 Plate Mail Armor
52:06 Blast Furnace
51:37 Arson
52:00 Siege Engineers
53:27 Warwolf
54:17 Architecture
53:43 Murder Holes
55:08 Hoardings
Hans the Waller
1:06 Loom
10:42 Feudal Age
11:04 Man-at-Arms
16:10 Double-Bit Axe
23:08 Castle Age
20:53 Horse Collar
21:06 Gold Mining
23:00 Fishing Lines
24:31 Bow Saw
25:08 Wheelbarrow
25:07 Heavy Plow
26:51 Hand Cart
26:23 Town Watch
26:52 Gillnets
31:51 Imperial Age
29:46 Stone Mining
32:00 Stone Shaft Mining
31:30 Pikeman
32:22 Forging
32:12 Scale Mail Armor
32:00 Halberdier
33:55 Chemistry
32:56 Onager
34:36 Chain Mail Armor
35:22 Iron Casting
36:03 Two-Man Saw
35:41 Guard Tower
36:01 Fortified Wall
36:36 Plate Mail Armor
37:08 Blast Furnace
37:30 Plate Mail Armor
37:18 Caravan
40:25 Siege Engineers
42:05 Conscription
42:07 Masonry
41:54 Fletching
43:16 Architecture
45:35 Bodkin Arrow
46:15 Guard Tower
47:31 Bracer
50:22 Crop Rotation
50:30 Keep
51:19 Murder Holes
52:34 Town Patrol
56:42 Arson
60:34 Block Printing
60:30 Fervor
61:12 Atonement
61:38 Sanctity
64:15 Redemption
Ivolia
5:53 Loom
9:10 Feudal Age
13:04 Castle Age
25:27 Double-Bit Axe
28:14 Bow Saw
31:34 Horse Collar
33:14 Wheelbarrow
34:39 Hand Cart
34:22 Town Watch
39:17 Imperial Age
37:26 Scale Barding Armor
38:14 Bloodlines
38:05 Husbandry
38:30 Chain Barding Armor
38:40 Husbandry
39:27 Forging
39:46 Tusk Swords
41:58 Plate Barding Armor
42:55 Elite Battle Elephant
44:37 Iron Casting
47:10 Conscription
47:57 Blast Furnace
48:01 Gold Mining
49:35 Caravan
50:41 Heavy Plow
50:22 Light Cavalry
52:07 Hussar
55:13 Fletching
Bohnski
8:56 Feudal Age
9:39 Double-Bit Axe
9:48 Loom
10:45 Horse Collar
19:20 Castle Age
19:04 Wheelbarrow
19:07 Gold Mining
20:36 Bow Saw
20:27 Heavy Plow
22:17 Sanctity
30:59 Redemption
36:09 Imperial Age
34:46 Pikeman
35:28 Squires
35:29 Scale Mail Armor
35:39 Forging
36:00 Hand Cart
36:22 Town Watch
36:30 Halberdier
37:27 Chain Mail Armor
37:47 Iron Casting
37:52 Druzhina
37:19 Man-at-Arms
39:12 Conscription
39:29 Crop Rotation
40:05 Two-Man Saw
39:58 Plate Mail Armor
41:07 Blast Furnace
40:46 Block Printing
40:49 Capped Ram
41:27 Onager
44:01 Coinage
45:09 Siege Onager
49:36 Siege Ram
51:41 Chemistry
50:48 Siege Engineers
温蒂
6:14 Loom
11:12 Feudal Age
18:59 Fishing Lines
19:18 Double-Bit Axe
23:05 Town Watch
24:44 Fletching
32:54 Castle Age
31:44 Horse Collar
40:38 Gillnets
42:21 Bow Saw
43:14 Wheelbarrow
44:35 Fervor
44:27 Caravan
45:02 Hand Cart
45:09 Sanctity
45:51 Chemistry
47:26 Imperial Age
46:17 Masonry
47:10 Ballistics
46:31 Treadmill Crane
47:13 Ballistics
48:51 Guilds
48:11 Houfnice
49:39 Conscription
49:25 Wagenburg Tactics
50:54 Siege Engineers
52:02 Bombard Tower
52:13 Architecture
51:39 Murder Holes
53:12 Padded Archer Armor
53:13 Scale Mail Armor
53:23 Forging
54:44 Two-Man Saw
54:47 Bodkin Arrow
57:57 Bracer
58:13 Leather Archer Armor
58:13 Chain Mail Armor
58:33 Iron Casting
64:01 Coinage
65:21 Ring Archer Armor
65:51 Blast Furnace
65:22 Plate Mail Armor
aimbot
10:19 Feudal Age
14:14 Castle Age
12:44 Double-Bit Axe
12:40 Horse Collar
20:13 Scale Barding Armor
23:12 Wheelbarrow
23:32 Bow Saw
23:12 Town Watch
23:13 Loom
25:59 Heavy Plow
27:02 Gold Mining
30:01 Imperial Age
28:54 Bloodlines
28:44 Husbandry
29:07 Chain Barding Armor
28:57 Forging
28:50 Gold Mining
30:47 Gold Shaft Mining
30:02 Cavalier
30:59 Devotion
31:40 Coinage
32:38 Conscription
32:57 Hoardings
32:49 Savar
34:48 Crop Rotation
35:23 Plate Barding Armor
35:23 Iron Casting
36:40 Chemistry
37:07 Two-Man Saw
36:48 Iron Casting
39:42 Blast Furnace
40:44 Thumb Ring
40:01 Crossbowman
41:44 Kamandaran
42:50 Banking
42:53 Padded Archer Armor
43:31 Light Cavalry
45:02 Fletching
46:47 Bodkin Arrow
47:07 Leather Archer Armor
47:25 Caravan
48:31 Leather Archer Armor
48:42 Ballistics
49:29 Scale Mail Armor
49:57 Elite War Elephant
55:47 Guilds
57:52 Ring Archer Armor
57:23 Scale Mail Armor
57:42 Masonry
57:22 Guard Tower
58:18 Hand Cart
62:46 Faith
63:22 Architecture
609170940
11:39 Feudal Age
15:14 Castle Age
13:05 Double-Bit Axe
13:03 Horse Collar
16:23 Forging
21:03 Bow Saw
22:30 Wheelbarrow
22:35 Fishing Lines
23:59 Heavy Plow
26:44 Hand Cart
26:59 Devotion
27:31 Scale Barding Armor
28:01 Iron Casting
31:01 Imperial Age
28:58 Loom
29:44 Scale Barding Armor
30:15 Iron Casting
30:31 Gold Mining
30:31 Stone Mining
31:15 Bloodlines
31:05 Husbandry
31:27 Chain Barding Armor
32:10 Conscription
31:23 Light Cavalry
34:15 Plate Barding Armor
33:05 Elite Leitis
35:37 Stone Shaft Mining
35:43 Crop Rotation
36:15 Two-Man Saw
35:27 Capped Ram
36:57 Padded Archer Armor
37:00 Onager
37:08 Onager
40:44 Chemistry
40:47 Leather Archer Armor
40:41 Thumb Ring
43:14 Caravan
49:48 Ring Archer Armor
52:36 Bombard Tower
52:37 Ballistics
55:06 Winged Hussar
_LY_抖音肥龙
11:47 Feudal Age
13:30 Loom
15:55 Castle Age
13:44 Double-Bit Axe
18:08 Scale Barding Armor
21:17 Fishing Lines
23:28 Bow Saw
25:33 Wheelbarrow
25:20 Gillnets
26:39 Gold Mining
27:04 Horse Collar
31:39 Hand Cart
31:17 Stone Mining
35:01 Imperial Age
33:13 Fletching
34:01 Gold Shaft Mining
35:08 Stone Shaft Mining
34:43 Caravan
35:06 Husbandry
35:17 Bloodlines
35:04 Onager
36:05 Conscription
36:10 Drill
36:20 Siege Onager
37:11 Siege Engineers
37:40 Bodkin Arrow
38:56 Conscription
38:37 Bracer
39:17 Padded Archer Armor
38:37 Elite Mangudai
41:00 Chemistry
40:21 Ballistics
40:02 Capped Ram
41:14 Leather Archer Armor
41:25 Parthian Tactics
41:05 Thumb Ring
42:39 Coinage
41:45 Siege Ram
43:47 Banking
43:07 Town Watch
43:33 Masonry
50:50 Hoardings
50:17 Nomads
50:29 Fortified Wall
60:38 Devotion
64:20 Faith
65:20 Heresy
Connection lost

Rejoining the realm…

Still unreachable

The connection could not be restored.

Session expired

The server has moved on; the page needs a fresh start.